 Dungeon Crawl Stone Soup version 0.29-a0-88-g03a7b78be7 (webtiles) character file.

Game seed: 13714264735419784032

40 lordive the Grasshopper (level 3, 0/32 HPs)
             Began as a Naga Warper on Feb 5, 2022.
             Slain by Sigmund (5 damage)
             ... on level 2 of the Dungeon.
             The game lasted 00:02:06 (2237 turns).

lordive the Grasshopper (Naga Warper)               Turns: 2237, Time: 00:02:07

Health: 0/32       AC:  2    Str: 13    XL:     3   Next: 50%
Magic:  6/6        EV:  9    Int: 15    God:
Gold:   82         SH:  0    Dex: 10    Spells: 6/6 levels left

rFire   . . .      SeeInvis +   a - +0 falchion
rCold   . . .      Faith    .   (no shield)
rNeg    . . .      Spirit   .   b - +0 leather armour
rPois   +          Reflect  .   (no helmet)
rElec   .          Harm     .   (no cloak)
rCorr   .          Rampage  .   (no gloves)
Will    .....                   (no barding)
Stlth   +.........              (no amulet)
HPRegen 0.10/turn               (no ring)
MPRegen 0.10/turn               (no ring)

@: short of breath, very slow
A: AC +1, large, see invisible, deformed body, poison resistance, slowness 2,
spit poison 1, naga tail 1
a: Spit Poison


You were on level 2 of the Dungeon.
You visited 1 branch of the dungeon, and saw 2 of its levels.

You collected 82 gold pieces.

Inventory:

Hand Weapons
 a - a +0 falchion (weapon)
 e - a +2 dagger of draining
Missiles
 d - 5 boomerangs of dispersal (quivered)
Armour
 b - a +0 leather armour (worn)
Scrolls
 c - 2 scrolls of blinking
 f - a scroll of acquirement {unknown}


   Skills:
 + Level 2.0 Fighting
 - Level 2.0 Long Blades
 - Level 0.8 Throwing
 + Level 1.4 Armour
 + Level 1.9 Dodging
 + Level 0.7 Stealth
 + Level 2.0 Spellcasting
 * Level 3.7 Translocations


You had 6 spell levels left.
You didn't know any spells.
Your spell library contained the following spells:

 Spells                   Type           Power      Damage    Failure   Level
 Blink                    Tloc           24%        N/A       9%          2
 Gell's Gravitas          Tloc           12%        N/A       19%         3
 Lesser Beckoning         Tloc           12%        N/A       19%         3
 Teleport Other           Tloc           12%        N/A       19%         3
 Manifold Assault         Tloc           12%        N/A       86%         5


Dungeon Overview and Level Annotations

Branches:
Dungeon (2/15)

Altars:
The Shining One

Annotations:
D:2 Sigmund


Innate Abilities, Weirdness & Mutations

Your serpentine skin is tough. (AC +1)
You have supernaturally acute eyesight. (SInv)
Armour fits poorly on your strangely shaped body.
Your system is resistant to poisons. (rPois)
You cover ground very slowly.
You can spit poison.
You have a snake-like lower body.


Message History

You climb downwards.
Level annotation: Sigmund
There is a stone staircase leading up, spattered with blood here.
Aiming: Spit Poison (2% risk of failure)
Press: ? - help, Shift-Dir - straight line, f - Sigmund
Aim: Sigmund, wielding a +0 scythe and wearing a +0 robe (54% to hit)
The splash of poison hits Sigmund!
Sigmund is poisoned.
Sigmund is moderately wounded.
Sigmund looks at you with fury. Sigmund gestures at you while chanting.
You resist with some effort.
You hit Sigmund.
Sigmund is moderately wounded.
Sigmund hits you with a +0 scythe!
You closely miss Sigmund.
Sigmund is moderately wounded.
You have got your breath back.
Sigmund laughs darkly.
Sigmund barely misses you.
You hit Sigmund.
Sigmund is heavily wounded.
Sigmund says, "I'm your fate." Sigmund hits you with a +0 scythe!
Aiming: Spit Poison (2% risk of failure)
Press: ? - help, Shift-Dir - straight line, f/p - Sigmund
Aim: Sigmund, wielding a +0 scythe and wearing a +0 robe (heavily wounded, poisoned, 54% to hit)
The splash of poison hits Sigmund.
Sigmund looks even sicker.
Sigmund is heavily wounded.
Unknown command.
You are too injured to fight recklessly!
You are too injured to fight recklessly!
Unknown command.
You closely miss Sigmund.
Sigmund is heavily wounded.
Sigmund hits you with a +0 scythe!
* * * LOW HITPOINT WARNING * * *
You hit Sigmund but do no damage.
Sigmund is severely wounded.
Sigmund hits you with a +0 scythe.
You die...

##### ##.##......
#...####...#.##.##
#........#...##.#
#...####........#
##รท## ##########
#.# ####.####
#.......#
#.<@....#
#...@...#
#.......#
#.......#
#.......#
#.......#
####..### .#.


You could see Sigmund (poisoned).

Vanquished Creatures
  An adder (D:2)
  5 bats
  A giant cockroach (D:1)
  4 goblins
  4 hobgoblins (D:1)
  3 jackals (D:1)
  2 quokkas
  3 ball pythons (D:1)
  2 frilled lizards (D:1)
  2 kobolds (D:1)
  A rat (D:1)
28 creatures vanquished.

Notes
Turn   | Place    | Note
-------+----------+-------------------------------------------
     0 | D:1      | lordive the Naga Warper began the quest for the Orb.
     0 | D:1      | Reached XP level 1. HP: 19/19 MP: 3/3
   483 | D:1      | Reached XP level 2. HP: 23/23 MP: 5/5
   774 | D:1      | Found a faded altar of an unknown god.
  1018 | D:1      | Reached skill level 1 in Armour
  1495 | D:1      | Reached XP level 3. HP: 32/32 MP: 6/6
  1699 | D:2      | Found a glowing golden altar of the Shining One.
  1952 | D:2      | Noticed Sigmund
  2237 | D:2      | Slain by Sigmund

Illustrated notes

Levels and vault maps discovered:
D:1:      roderic_crop_circles_arrival_small, layout_basic,
          basic_ecumenical_altar
D:2:      layout_loops_cross, basic_altar, uniq_jessica, uniq_sigmund

Skill      XL: |  1  2 |
---------------+-------+-----
Armour         | 1 |  1.4
Fighting       | |  2.0
Long Blades    | |  2.0
Throwing       | |  0.8
Dodging        | |  1.9
Stealth        | |  0.7
Spellcasting   | |  2.0
Translocations | |  3.7

Action                   || total
-------------------------++-------
Melee: Falchion          ||    70
 Abil: Spit Poison       ||    16
 Stab: Sleeping          ||     1
Armor: Leather armour    ||    20
Dodge: Dodged            ||    41

Table legend: (Time is in decaauts)
 A = Elapsed time spent in this place.
 B = Non-inter-level travel time spent in this place.
 C = Inter-level travel time spent in this place.
 D = Time resting spent in this place.
 E = Time spent auto-exploring this place.
 F = Levels seen in this place.
 G = Mean time per level.
                   A        B        C        D        E       F      G
               +--------+--------+--------+--------+--------+-----+--------+
         Total |   2614 |   2530 |     84 |    268 |   2032 |   2 | 1307.0 |
       Dungeon |   2614 |   2530 |     84 |    268 |   2032 |   2 | 1307.0 |
               +--------+--------+--------+--------+--------+-----+--------+

Top non-repeatable levels by time:
     D:1: 2125 daAuts
     D:2: 489 daAuts
